 Dungeon Crawl Stone Soup version 0.20-a0-904-gd863c46 (webtiles) character file.

154 Rrauwl the Gusty (level 5, -5/28 HPs)
             Began as a Tengu Air Elementalist on Mar 22, 2017.
             Killed by divine providence
             ... invoked by an orc priest
              (17 damage)
             ... on level 3 of the Dungeon.
             The game lasted 00:14:54 (3086 turns).

Rrauwl the Gusty (Tengu Air Elementalist)           Turns: 3086, Time: 00:14:55

Health: -5/28      AC:  4    Str:  6 (8)  XL:     5   Next: 35%
Magic:  8/11       EV: 12    Int: 14 (17) God:
Gold:   52         SH:  0    Dex: 12 (14) Spells: 10/11 levels left

rFire    + . .     SeeInvis .   f - -1 whip (curse)
rCold    + . .     Gourm    +   i - +2 robe {rC+ rF+}
rNeg     . . .     Faith    .   (no shield)
rPois    .         Spirit   .   (helmet restricted)
rElec    .         Reflect  .   (no cloak)
rCorr    .         Harm     .   (no gloves)
MR       .....                  (boots unavailable)
Stlth    ++........             g - amulet of the gourmand
Regen    0.1/turn               (no ring)
MPRegen  0.2/turn               (no ring)

@: drained
A: beak, talons 3, able to fly 1
a: Fly


You were on level 3 of the Dungeon.
You were very full.

You visited 1 branch of the dungeon, and saw 3 of its levels.

You collected 52 gold pieces.

Inventory:

Hand Weapons
 c - a +1 whip of electrocution
 d - a +3 vampiric dagger
 f - a cursed -1 whip (weapon)
 n - a +0 dagger of draining
Armour
 i - a +2 robe of resistance (worn)
Jewellery
 g - an amulet of the gourmand (around neck)
 l - an uncursed amulet of rage
Scrolls
 a - 2 scrolls of amnesia
 k - a scroll of enchant armour
Potions
 e - a potion of flight
 m - a potion of might
 p - a potion of invisibility
 q - a potion of agility
Books
 b - a book of Air

   Spells                             Type                      Level
   a - Shock                          Conjuration/Air              1
   b - Swiftness                      Charms/Air                   2
   c - Static Discharge               Conjuration/Air              3
   d - Airstrike                      Air                          4
   e - Lightning Bolt                 Conjuration/Air              5
Comestibles
 h - 3 bread rations
 j - 2 meat rations
 o - a chunk of flesh


   Skills:
 - Level 2.1 Dodging
 - Level 2.0(1.9) Stealth
 + Level 3.5 Spellcasting
 + Level 3.5 Conjurations
 + Level 5.4 Air Magic


You had 10 spell levels left.
You knew the following spells:

 Your Spells              Type           Power        Failure   Level  Hunger
a - Shock                 Conj/Air       ##..         3%          1    #......


Dungeon Overview and Level Annotations

Branches:
Dungeon (3/15)

Altars:


Innate Abilities, Weirdness & Mutations

You have a beak for a mouth.
You have claws for feet.
You can fly.


Message History

Press: ? - help, Shift-Dir - straight line, f/p - orc
Aim: an orc, wearing a leather armour (severely wounded)
The zap hits the orc.
You kill the orc!
The zap hits the orc.
You kill the orc!
The zap hits the orc priest.
The orc priest appears unharmed.
The orc priest is lightly wounded.
The zap misses the orc.
The orc priest calls upon Beogh to heal the orc.
The orc's wounds heal themselves!
The orc priest calls down the wrath of Beogh upon you.
Beogh smites you!
Ouch! That really hurt!
Things that are here:
a leather armour; an orc corpse The orc priest mumbles some strange prayers to Beogh against you.
Beogh smites you!
Ouch! That really hurt!
You die...

.......##............#
.....................#
...####..............#
...# #....#####'#####
...# #....# #.# ...#
#....# #.# ...# #....#
#.# ...# #....# #[#
...# #....# #@# ####
###### #.# #o# #o# #.#
#.# #.# #.#


You could see an orc priest and an orc.

Vanquished Creatures
  Jessica (D:2)
  4 adders
  2 oozes (D:1)
  A worm (D:3)
  3 dart slugs (D:1)
  4 leopard geckos
  3 orcs (D:3)
  A ball python (D:2)
  A giant cockroach (D:1)
  4 goblins
  8 hobgoblins
  7 jackals (D:1)
  A quokka (D:3)
  6 bats
  6 frilled lizards
  10 kobolds
  3 rats (D:1)
65 creatures vanquished.

Notes
Turn   | Place    | Note
-------+----------+-------------------------------------------
     0 | D:1      | Rrauwl the Tengu Air Elementalist began the quest for the Orb.
     0 | D:1      | Reached XP level 1. HP: 10/10 MP: 4/4
    86 | D:1      | Reached XP level 2. HP: 15/15 MP: 4/6
   398 | D:1      | Reached XP level 3. HP: 19/19 MP: 8/8
  2214 | D:2      | Noticed Jessica
  2216 | D:2      | Reached XP level 4. HP: 24/24 MP: 7/9
  2226 | D:2      | Killed Jessica
  2226 | D:2      | Reached skill level 5 in Air Magic
  2540 | D:2      | Gained mutation: You can fly. [Tengu growth]
  2540 | D:2      | Reached XP level 5. HP: 28/28 MP: 11/11
  3086 | D:3      | Killed from afar by an orc priest

Vault maps used:
D:1:      tarquinn_simple_flora_water_f, minmay_pentomino_s4
D:2:      hangedman_abyss_or_decor_lesser_grid, uniq_jessica

Skill      XL: |  1  2  3  4 |
---------------+-------------+-----
Conjurations   | 2 3 |  3.5
Spellcasting   | 3 |  3.5
Air Magic      | 5 |  5.4
Dodging        | |  2.1
Stealth        | |  2.0

Action                   |  1- 3 |  4- 6 || total
-------------------------+-------+-------++-------
Melee: Dagger            |   136 |    37 ||   173
       Kick              |    23 |    10 ||    33
       Unarmed           |     5 |       ||     5
       Peck              |    14 |     7 ||    21
       Whip              |       |    49 ||    49
 Cast: Shock             |    14 |    29 ||    43
  Use: Scroll            |     6 |     4 ||    10
       Potion            |     2 |     4 ||     6
 Stab: Sleeping          |     3 |     1 ||     4
  Eat: Bread ration      |     1 |       ||     1
       Chunk             |     3 |    11 ||    14
       Royal jelly       |     1 |       ||     1
Armor: Robe              |    24 |    27 ||    51
Dodge: Dodged            |    94 |    55 ||   149
